 Dungeon Crawl Stone Soup version 0.28-a0-1159-g27aa881441 (webtiles) character file.

Game seed: 256248094068091729

215 SensoryNuts the Covered (level 5, -2/41 HPs)
             Began as a Demonspawn Fighter on Dec 15, 2021.
             Slain by a gnoll (6 damage)
             ... on level 3 of the Dungeon.
             The game lasted 00:02:43 (2923 turns).

SensoryNuts the Covered (Demonspawn Fighter)        Turns: 2923, Time: 00:02:43

Health: -2/41      AC:  7    Str: 15 (18) XL:     5   Next: 60%
Magic:  5/5        EV:  9    Int:  7 (10) God:
Gold:   63         SH:  4    Dex: 11 (12) Spells: 4/4 levels left

rFire   + . .      SeeInvis .   a - +0 trident
rCold   + . .      Faith    .   c - +0 buckler
rNeg    . . .      Spirit   .   b - +0 scale mail
rPois   +          Reflect  .   (helmet restricted)
rElec   +          Harm     .   (no cloak)
rCorr   +          Rampage  .   (no gloves)
Will    .....                   (no boots)
Stlth   ..........              (no amulet)
HPRegen 0.13/turn               (no ring)
MPRegen 0.09/turn               (no ring)

@: mighty, resistant
A: horns 2, powered by death 1
a: no special abilities


You were on level 3 of the Dungeon.
You visited 1 branch of the dungeon, and saw 3 of its levels.

You collected 63 gold pieces.

Inventory:

Hand Weapons
 a - a +0 trident (weapon)
Armour
 b - a +0 scale mail (worn)
 c - a +0 buckler (worn)
Scrolls
 e - a scroll of noise {unknown}
 g - a scroll of teleportation
 i - a scroll of identify
Potions
 d - a potion of might


   Skills:
 + Level 3.6 Fighting
 + Level 3.6 Polearms
 + Level 3.8 Armour
 + Level 0.4 Dodging
 + Level 3.3 Shields


You had 4 spell levels left.
You didn't know any spells.
Your spell library contained the following spells:

 Spells                   Type           Power      Damage    Failure   Level
 Sting                    Tmut/Pois      0%         1d3       88%         1
 Corpse Rot               Necr/Air       0%         N/A       96%         2
 Poisonous Vapours        Pois/Air       0%         N/A       96%         2
 Dispel Undead            Necr           0%         3d6       100%        4
 Olgreb's Toxic Radiance  Pois           0%         N/A       100%        4
 Death Channel            Necr           0%         N/A       100%        6


Dungeon Overview and Level Annotations

Branches:
Dungeon (3/15)

Altars:


Innate Abilities, Weirdness & Mutations

You have a pair of horns on your head.
You regenerate a little health from kills.


Message History

A gnoll comes into view. It is wielding a +0 spear.
The gnoll shouts!
A gnoll comes into view. It is wielding a +0 flail.
A gnoll comes into view. It is wielding a +0 halberd.
A quokka comes into view.
There are monsters nearby!
There are monsters nearby!
It was a potion of degeneration.
There was something very wrong with that liquid.
You feel weakened.
You feel dopey.
You feel clumsy.
The gnoll shouts! x2
It was a potion of resistance.
You feel protected.
You feel very mighty all of a sudden. The gnoll barely misses you.
You puncture the gnoll!
The gnoll is severely wounded.
You block the gnoll's attack. The gnoll hits you with a +0 club!
You puncture the gnoll!
You kill the gnoll!
You block the gnoll's attack. The gnoll barely misses you.
You closely miss the quokka.
The quokka twitches its whiskers.
The quokka closely misses you. The quokka completely misses you.
The gnoll hits you from afar with a +0 spear.
You hit the quokka.
You kill the quokka!
The gnoll hits you from afar with a +0 spear.
You puncture the gnoll!
You kill the gnoll!
You block the gnoll's attack.
You closely miss the gnoll. You block the gnoll's attack.
The gnoll hits you with a +0 halberd!
You completely miss the gnoll. The gnoll hits you but does no damage.
The gnoll hits you with a +0 halberd!
* * * LOW HITPOINT WARNING * * *
You hit the gnoll.
The gnoll is heavily wounded.
The gnoll hits you from afar with a +0 spear.
You die...

.... ### .... ..+ .....
#.# ..... #.#......
###.#...... ##.(.gg.....
#...@# #### #....###.###
...# #...>.[..... ...#
##.#.###.#### ...#
#.#......... ...#
###..........# ..)######
#...))######.# ........#
#####)# #
........########'######.


You could see 2 gnolls.

Vanquished Creatures
  An orc priest (D:3)
  10 gnolls
  An adder (D:2)
  2 worms
  5 dart slugs
  2 orcs (D:3)
  4 bats (D:1)
  7 endoplasms
  A giant cockroach (D:3)
  9 goblins
  A hobgoblin (D:1)
  2 quokkas
  5 ball pythons
  4 frilled lizards
  9 kobolds
  A quokka skeleton (D:2)
  4 rats
68 creatures vanquished.

Notes
Turn   | Place    | Note
-------+----------+-------------------------------------------
     0 | D:1      | SensoryNuts the Demonspawn Fighter began the quest for the
                  | Orb.
     0 | D:1      | Reached XP level 1. HP: 18/18 MP: 1/1
   179 | D:1      | Gained mutation: You regenerate a little health from kills.
                  | [demonic ancestry]
   179 | D:1      | Reached XP level 2. HP: 19/24 MP: 2/2
   568 | D:1      | Gained mutation: You have a pair of small horns on your
                  | head. [demonic ancestry]
   568 | D:1      | Reached XP level 3. HP: 24/29 MP: 3/3
   991 | D:1      | Found a faded altar of an unknown god.
  1668 | D:2      | Gained mutation: You have a pair of horns on your head.
                  | [demonic ancestry]
  1668 | D:2      | Reached XP level 4. HP: 15/35 MP: 4/4
  1867 | D:2      | HP: 1/35 [gnoll (1)]
  2513 | D:3      | Reached XP level 5. HP: 25/41 MP: 5/5
  2517 | D:3      | HP: 2/41 [gnoll (6)]
  2522 | D:3      | HP: 1/41 [kobold (4)]
  2923 | D:3      | Slain by a gnoll

Illustrated notes

Levels and vault maps discovered:
D:1:      dpeg_arrival_brainrot, layout_basic, nicolae_ecumenical_lake_church
D:2:      layout_loops_corners
D:3:      layout_basic, mainiacjoe_overflow_small_starburst

Skill      XL: |  1  2  3  4 |
---------------+-------------+-----
Polearms       | 2 3 |  3.6
Armour         | 3 |  3.8
Shields        | 3 |  3.3
Fighting       | |  3.6
Dodging        | |  0.4

Action                   |  1- 3 |  4- 6 || total
-------------------------+-------+-------++-------
Melee: Trident           |   136 |    73 ||   209
       Headbutt          |     6 |    10 ||    16
  Use: Scroll            |     4 |       ||     4
       Potion            |       |     7 ||     7
Armor: Scale mail        |    44 |    11 ||    55
Dodge: Dodged            |    47 |    29 ||    76
Block: Buckler           |    23 |    15 ||    38

Table legend: (Time is in decaauts)
 A = Elapsed time spent in this place.
 B = Non-inter-level travel time spent in this place.
 C = Inter-level travel time spent in this place.
 D = Time resting spent in this place.
 E = Time spent auto-exploring this place.
 F = Levels seen in this place.
 G = Mean time per level.
                   A        B        C        D        E       F      G
               +--------+--------+--------+--------+--------+-----+--------+
         Total |   2944 |   2880 |     64 |      0 |   2439 |   3 |  981.3 |
       Dungeon |   2944 |   2880 |     64 |      0 |   2439 |   3 |  981.3 |
               +--------+--------+--------+--------+--------+-----+--------+

Top non-repeatable levels by time:
     D:2: 1357 daAuts
     D:1: 1146 daAuts
     D:3: 440 daAuts
